 Dungeon Crawl Stone Soup version 0.31-a0-569-g7ea453304b (webtiles) character file.

Game seed: 6833628627291505957

20 Bnni the Digger (level 3, 0/25 HPs)
             Began as a Formicid Earth Elementalist on Aug 18, 2023.
             Slain by Terence
             ... wielding a +0 flail
              (7 damage)
             ... on level 2 of the Dungeon.
             The game lasted 00:01:23 (886 turns).

Bnni the Digger (Formicid Earth Elementalist)        Turns: 886, Time: 00:01:24

Health: 0/25       AC:  6    Str: 12    XL:     3   Next: 0%
Magic:  4/6        EV: 12    Int: 16    God:
Gold:   29         SH:  0    Dex: 14    Spells: 5/6 levels left

rFire   . . .        f - +0 long sword
rCold   . . .        (no shield)
rNeg    . . .        a - +0 robe
rPois   .            (helmet unavailable)
rElec   .            (no cloak)
rCorr   .            (no gloves)
SInv    +            (no boots)
Will    .....        o - amulet of magic regeneration
Stlth   ++           d - +4 ring of protection
HPRegen 0.24/turn    (no ring)
MPRegen 0.50/turn

%: no passive effects
@: no status effects
A: permanent stasis, dig shafts and tunnels, antennae 3, four strong arms
a: Dig, Shaft Self


You were on level 2 of the Dungeon.
You visited 1 branch of the dungeon, and saw 2 of its levels.

You collected 29 gold pieces.

Inventory:

Hand Weapons
 f - a +0 long sword (weapon)
Armour
 a - a +0 robe (worn)
 i - a +0 scale mail
Jewellery
 d - a +4 ring of protection (left hand)
 j - a ring of ice
 o - an amulet of magic regeneration (around neck)
Scrolls
 c - 2 scrolls of teleportation {unknown}
 k - a scroll of identify {unknown}
 l - a scroll of immolation {unknown}
 n - a scroll of poison {unknown}
Potions
 b - a potion of magic
 e - 2 potions of might {unknown}
 g - a potion of heal wounds {unknown}
 h - a potion of lignification {unknown}
 m - a potion of degeneration {unknown}


   Skills:
 + Level 0.5 Fighting
 - Level 1.7 Dodging
 - Level 2.4 Stealth
 + Level 2.3 Spellcasting
 * Level 0.7 Conjurations
 * Level 1.7 Transmutations
 * Level 4.0 Earth Magic


You had 5 spell levels left.
You knew the following spells:

 Your Spells              Type           Power      Damage    Failure   Level
a - Sandblast             Erth           28%        2d8       3%          1

Your spell library contained the following spells:

 Spells                   Type           Power      Damage    Failure   Level
 Passwall                 Tmut/Erth      9%         N/A       10%         2
 Stone Arrow              Conj/Erth      18%        3d8       22%         3
 Petrify                  Tmut/Erth      11%        N/A       52%         4


Dungeon Overview and Level Annotations

Branches:
Dungeon (2/15)

Altars:

Annotations:
D:2 Terence


Innate Abilities, Weirdness & Mutations

You cannot be hasted, slowed, berserked, paralysed or teleported.
You can dig through walls and to a lower floor.
You have a pair of large antennae on your head. (SInv)
Your four strong arms can wield two-handed weapons with a shield.


Message History

Terence shouts!
Aiming: Sandblast (safe; 3% risk of failure)
Press: ? - help, Q - select action, (/) - cycle Shift-Dir - straight line, f/p - Terence
Aim: Terence, wielding a +0 flail and wearing a +0 chain mail (87% to hit)
The blast of sand hits Terence.
Terence is moderately wounded.
Unknown command.
Aiming: Sandblast (safe; 3% risk of failure)
Press: ? - help, Q - select action, (/) - cycle Shift-Dir - straight line, f/p - Terence
Aim: Terence, wielding a +0 flail and wearing a +0 chain mail (moderately wounded, 87% to hit)
The blast of sand hits Terence.
Terence is heavily wounded.
Terence closely misses you.
Aiming: Sandblast (safe; 3% risk of failure)
Press: ? - help, Q - select action, (/) - cycle Shift-Dir - straight line, f/p - Terence
Aim: Terence, wielding a +0 flail and wearing a +0 chain mail (heavily wounded, 87% to hit)
The blast of sand hits Terence but does no damage.
Terence is heavily wounded.
Terence hits you with a +0 flail! Terence barely misses you.
Aiming: Sandblast (safe; 3% risk of failure)
Press: ? - help, Q - select action, (/) - cycle Shift-Dir - straight line, f/p - Terence
Aim: Terence, wielding a +0 flail and wearing a +0 chain mail (heavily wounded, 87% to hit)
The blast of sand hits Terence.
Terence is heavily wounded.
Terence barely misses you.
Aiming: Sandblast (safe; 3% risk of failure)
Press: ? - help, Q - select action, (/) - cycle Shift-Dir - straight line, f/p - Terence
Aim: Terence, wielding a +0 flail and wearing a +0 chain mail (heavily wounded, 87% to hit)
The blast of sand hits Terence.
Terence is severely wounded.
Terence hits you with a +0 flail!
Terence says, "Don't bother to defend, it's pointless."
Terence hits you with a +0 flail.
* * * LOW HITPOINT WARNING * * *
Aiming: Sandblast (safe; 3% risk of failure)
Press: ? - help, Q - select action, (/) - cycle Shift-Dir - straight line, f/p - Terence
Aim: Terence, wielding a +0 flail and wearing a +0 chain mail (severely wounded, 87% to hit)
The blast of sand misses Terence.
Terence hits you with a +0 flail!
You die...

##.#.. . ..... # #.
#...#. # ###.##...#.# ...
...........##... ....
#..#.#...#....... # ...
#......@..#.#......#)...
##.#.#..@......#.##.#.#..
...........#.#..........)
###..#...#.......##.#.#..
#. #...#.#.#...##.#†#..
#.##...#...##.........<
.....................#..
######..#..........#.#..
....##..†...###.#.#..
########...#..††.......


You could see Terence.

Vanquished Creatures
  A worm (D:2)
  2 endoplasms (D:1)
  3 goblins (D:1)
  4 jackals (D:2)
  2 ball pythons
  A bat (D:1)
  2 frilled lizards (D:1)
  A rat (D:2)
16 creatures vanquished.

Notes
Turn   | Place    | Note
-------+----------+-------------------------------------------
     0 | D:1      | Bnni the Formicid Earth Elementalist began the quest for
                  | the Orb.
     0 | D:1      | Reached XP level 1. HP: 13/13 MP: 3/3
   254 | D:1      | Reached XP level 2. HP: 19/19 MP: 3/5
   758 | D:2      | Reached skill level 4 in Earth Magic
   822 | D:2      | Reached XP level 3. HP: 17/25 MP: 1/6
   876 | D:2      | Noticed Terence
   886 | D:2      | Slain by Terence

Illustrated notes

Levels and vault maps discovered:
D:1:      dpeg_arrival_boxorama, layout_rooms, minivault_5
D:2:      layout_basic, serial_shops, nicolae_shop_drivethru,
          serial_co_window_serial, co_window_of_opportunity_a,
          co_window_paths_b, co_window_of_opportunity_a, co_window_paths_b,
          co_window_of_opportunity_a, co_window_of_opportunity_b,
          co_window_of_opportunity_b, co_window_of_opportunity_b,
          co_window_2corner, co_window_paths_d, co_window_paths_e,
          glass_columns_a, glass_columns_a, glass_columns_a, glass_columns_a,
          uniq_terence

Skill      XL: |  1  2 |
---------------+-------+-----
Earth Magic    | 4 |  4.0
Fighting       | |  0.5
Dodging        | |  1.7
Stealth        | |  2.4
Spellcasting   | |  2.3
Conjurations   | |  0.7
Transmutations | |  1.7

Action                     || total
---------------------------++-------
  Melee: Long sword        ||     7
   Cast: Sandblast         ||    29
 Armour: Robe              ||     3
  Dodge: Dodged            ||    13

Table legend: (Time is in decaauts)
 A = Elapsed time spent in this place.
 B = Non-inter-level travel time spent in this place.
 C = Inter-level travel time spent in this place.
 D = Time resting spent in this place.
 E = Time spent auto-exploring this place.
 F = Levels seen in this place.
 G = Mean time per level.
                   A        B        C        D        E       F      G
               +--------+--------+--------+--------+--------+-----+--------+
         Total |    901 |    867 |     34 |      0 |    716 |   2 |  450.5 |
       Dungeon |    901 |    867 |     34 |      0 |    716 |   2 |  450.5 |
               +--------+--------+--------+--------+--------+-----+--------+

Top non-repeatable levels by time:
     D:1: 731 daAuts
     D:2: 170 daAuts
